Map: [ESL] Inside and Out

Players

ShoWTimE - Winner!

  • Race: Protoss Protoss
  • Spawn Location: 1:00

SKillous

  • Race: Protoss Protoss
  • Spawn Location: 7:00

Event: DreamHack SC2 Masters 2022 Atlanta (Online)

VOD

Have the link to the VOD?

Description

Time

  • Played on: Oct. 15, 2022, 10:38 a.m.
  • Length: 6:30

All games in this series

Show
View Real Time Build Order
Export as new Build Order

ShoWTimE Protoss - Winner!

Build Orders: Phoenix Opening, Mass Phoenix 

Get SALT Encoding   

  12  0:00  Probe  
  13  0:12  Probe  
  14  0:18  Pylon  
  14  0:24  Probe  
  15  0:36  Probe (Chrono Boost)  
  15  0:37  Gateway  
  16  0:46  Probe (Chrono Boost), Assimilator  
  17  0:51  Probe (Chrono Boost)  
  18  1:03  Probe (Chrono Boost)  
  19  1:04  Assimilator  
  19  1:06  Pylon  
  19  1:13  Probe (Chrono Boost)  
  19  1:18  Probe (Chrono Boost)  
  20  1:24  Cybernetics Core  
  21  1:29  Probe  
  21  1:31  Zealot  
  24  1:41  Probe  
  25  1:53  Probe  
  26  2:00  Stargate  
  26  2:05  Probe  
  27  2:19  Nexus  
  27  2:23  Probe  
  27  2:28  Pylon  
  28  2:35  Probe  
  29  2:43  Phoenix (Chrono Boost)  
  29  2:47  Probe  
  32  2:59  Phoenix (Chrono Boost), Probe  
  35  3:07  Assimilator  
  35  3:11  Probe  
  36  3:21  Phoenix (Chrono Boost)  
  36  3:25  Probe (Chrono Boost)  
  36  3:26  Stargate  
  39  3:31  Probe (Chrono Boost)  
  40  3:40  Probe x2 (Chrono Boost)  
  40  3:41  Phoenix  
  44  3:45  Probe (Chrono Boost)  
  44  3:47  Probe  
  46  3:52  Assimilator  
  46  3:57  Probe  
  46  3:59  Probe  
  48  4:02  Pylon  
  48  4:06  Phoenix (Chrono Boost)  
  50  4:11  Probe  
  50  4:14  Probe  
  54  4:17  Phoenix (Chrono Boost)  
  54  4:22  Pylon  
  54  4:23  Probe  
  55  4:26  Phoenix (Chrono Boost)  
  55  4:31  Probe  
  58  4:35  Phoenix  
  60  4:39  Probe  
  60  4:43  Probe  
  62  4:48  Pylon  
  62  4:49  Phoenix (Chrono Boost)  
  62  4:51  Probe  
  65  4:55  Probe  
  68  5:09  Phoenix (Chrono Boost)  
  68  5:11  Phoenix (Chrono Boost), Pylon  
  70  5:19  Fleet Beacon  
  68  5:26  Phoenix (Chrono Boost)  
  66  5:30  Probe  
  66  5:31  Probe  
  62  5:43  Phoenix, Probe  
  62  5:46  Probe  
  66  5:53  Phoenix  
  66  5:55  Probe  
  69  5:58  Probe  
  66  6:07  Probe  
  66  6:10  Probe  
Show
View Real Time Build Order
Export as new Build Order

SKillous Protoss 

Build Orders: Phoenix Opening, Mass Phoenix 

Get SALT Encoding   

  12  0:00  Probe  
  13  0:12  Probe  
  14  0:18  Pylon  
  14  0:24  Probe  
  15  0:36  Gateway  
  15  0:38  Probe (Chrono Boost)  
  16  0:47  Probe (Chrono Boost), Assimilator  
  17  0:52  Probe (Chrono Boost)  
  18  0:59  Assimilator  
  19  1:04  Probe (Chrono Boost)  
  19  1:05  Pylon  
  19  1:13  Probe (Chrono Boost)  
  20  1:18  Probe  
  20  1:24  Cybernetics Core  
  21  1:30  Probe  
  22  1:38  Zealot  
  24  1:42  Probe  
  25  1:54  Probe  
  26  2:02  Stargate  
  26  2:19  Probe  
  26  2:22  Nexus  
  27  2:31  Probe  
  28  2:38  Pylon  
  28  2:43  Probe  
  28  2:44  Phoenix (Chrono Boost)  
  31  2:56  Probe  
  32  3:00  Phoenix (Chrono Boost)  
  34  3:08  Probe  
  35  3:14  Assimilator  
  35  3:19  Phoenix (Chrono Boost)  
  35  3:20  Probe  
  35  3:24  Stargate  
  38  3:32  Probe  
  39  3:34  Probe  
  39  3:37  Phoenix (Chrono Boost)  
  42  3:44  Probe  
  42  3:46  Probe  
  44  3:55  Phoenix  
  46  3:56  Probe  
  46  3:58  Probe  
  46  4:02  Pylon  
  48  4:08  Probe  
  52  4:10  Probe  
  52  4:15  Oracle (Chrono Boost), Assimilator  
  53  4:20  Phoenix (Chrono Boost), Probe  
  53  4:23  Probe  
  57  4:32  Probe  
  57  4:35  Probe  
  57  4:36  Pylon  
  61  4:38  Phoenix (Chrono Boost)  
  61  4:50  Probe  
  62  4:53  Phoenix (Chrono Boost)  
  65  5:04  Probe  
  65  5:05  Phoenix (Chrono Boost)  
  65  5:07  Nexus  
  67  5:10  Pylon  
  67  5:15  Phoenix (Chrono Boost)  
  67  5:28  Fleet Beacon  
  67  5:31  Shield Battery  
  67  5:32  Probe x2  
  65  5:44  Phoenix x2 (Chrono Boost), Probe  
  65  5:46  Probe  
  69  5:52  Shield Battery  
  69  5:56  Probe  
  68  6:02  Phoenix  
  68  6:03  Probe  
  61  6:12  Probe  
  61  6:15  Probe  
Tags
 
Add a new tag
Caveats
  • Supply blocks, unpowered buildings, or Contaminate may cause inaccurate times.
  • Supply counts are checked every 10 seconds.